 Dungeon Crawl Stone Soup version 0.22.1-2-g9c5b331 (webtiles) character file.

12686 spiff the Warrior (level 11, -5/135 HPs)
             Began as an Ogre Wizard on Dec 4, 2018.
             Was a Follower of Ashenzari.
             Slain by an ice devil (8 damage)
             ... on level 2 of the Lair of Beasts.
             The game lasted 00:38:32 (12594 turns).

spiff the Warrior (Ogre Wizard)                    Turns: 12594, Time: 00:38:33

Health: -5/135     AC: 11    Str: 16    XL:     11   Next: 97%
Magic:  18/21      EV: 11    Int: 19    God:    Ashenzari [*.....]
Gold:   918        SH:  0    Dex:  7    Spells: 12/23 levels left

rFire    . . .     SeeInvis +   q - +1 giant spiked club
rCold    . . .     Gourm    .   (shield currently unavailable)
rNeg     . . .     Faith    .   I - +0 steam dragon scales
rPois    .         Spirit   .   f - +2 hat
rElec    .         Reflect  .   e - +2 cloak
rCorr    .         Harm     .   (gloves unavailable)
MR       ++...                  (boots unavailable)
Stlth    +.........             w - amulet of regeneration (curse)
HPRegen  0.72/turn              z - ring of protection from magic
MPRegen  0.17/turn              p - ring of see invisible

@: very slightly contaminated
A: large, unfitting armour, tough skin 1
a: Curse Item, Scrying, Renounce Religion


You were on level 2 of the Lair of Beasts.
You worshipped Ashenzari.
Ashenzari was aware of your devotion.
You were hungry.

You visited 3 branches of the dungeon, and saw 12 of its levels.

You collected 918 gold pieces.

Inventory:

Hand Weapons
 c - a +1 dagger of venom
 q - a +1 giant spiked club (weapon)
Armour
 a - a +1 robe
 e - a +2 cloak (worn)
 f - a +2 hat (worn)
 D - a +0 troll leather armour
 I - +0 steam dragon scales (worn)
Magical Staves
 v - an uncursed staff of cold
Jewellery
 p - a ring of see invisible (right hand)
 w - a cursed amulet of regeneration (around neck)
 z - a ring of protection from magic (left hand)
 N - an uncursed amulet of the acrobat
Wands
 y - a wand of polymorph (35)
 A - a wand of flame (35)
 E - a wand of acid (8)
 L - a wand of disintegration (15)
 M - a wand of scattershot (7)
Scrolls
 g - 5 scrolls of immolation
 h - 2 scrolls of fear
 k - 4 scrolls of teleportation
 o - a scroll of random uselessness
 r - 2 scrolls of enchant weapon
 t - 4 scrolls of identify
 C - 2 scrolls of remove curse
 F - a scroll of fog {unknown}
 J - a scroll of amnesia
 K - a scroll of blinking
 O - a scroll of holy word {unknown}
Potions
 b - a potion of heal wounds
 i - a potion of cancellation {unknown}
 j - a potion of flight {unknown}
 l - 2 potions of invisibility {unknown}
 m - a potion of magic {unknown}
 n - a potion of haste {unknown}
 s - a potion of berserk rage {unknown}
 u - 3 potions of agility {unknown}
 x - a potion of brilliance {unknown}
 B - 2 potions of mutation {unknown}
 G - a potion of degeneration {unknown}
Comestibles
 d - 21 rations
 H - 3 chunks of flesh


   Skills:
 - Level 16.0 Fighting
 + Level 6.0 Dodging
 - Level 1.4 Stealth
 + Level 6.6 Spellcasting
 - Level 10.0 Conjurations
 - Level 0.8 Summonings
 - Level 0.8 Translocations


You had 12 spell levels left.
You knew the following spells:

 Your Spells              Type           Power        Failure   Level  Hunger
a - Magic Dart            Conj           ####         1%          1    None
b - Call Imp              Summ           #.......     11%         2    None
c - Blink                 Tloc           N/A          11%         2    None
d - Mephitic Cloud        Conj/Pois/Air  ###.....     8%          3    ##.....
e - Conjure Flame         Conj/Fire      ####....     4%          3    ##.....

Your spell library contained the following spells:

 Spells                   Type           Power        Failure   Level  Hunger
 Slow                     Hex            #.......     16%         2    None


Dungeon Overview and Level Annotations

Branches:
Dungeon (9/15)             Temple (1/1) D:7            Lair (2/6) D:8
  Swamp: Lair:2-4    Shoals: Lair:2-4     Snake: Lair:2-4    Spider: Lair:2-4
    Orc: D:9-12

Altars:
Ashenzari
Dithmenos
Gozag
Hepliaklqana
Kikubaaqudgha
Okawaru
Qazlal
Ru
Trog
Wu Jian
Xom
Zin

Portals:
Ice
Cave: Lair:2

Annotations:
D:7 3 runed doors, smtktc's ghost, novice SpAs
D:9 Harold


Innate Abilities, Weirdness & Mutations

You are too large for most types of armour.
You have tough skin. (AC +1)


Message History

Your crimson imp blinks!
The ice devil barely misses you.
Your white imp closely misses the ice devil.
The ice devil hits you. The ice devil freezes you!
* * * LOW HITPOINT WARNING * * *
You hit the ice devil but do no damage.
The ice devil is almost dead.
The ice devil hits you.
* * * LOW HITPOINT WARNING * * *
The ice devil freezes you!
* * * LOW HITPOINT WARNING * * *
Your white imp closely misses the ice devil.
The ice devil hits you.
* * * LOW HITPOINT WARNING * * *
The ice devil freezes you!
* * * LOW HITPOINT WARNING * * *
The ice devil hits you.
* * * LOW HITPOINT WARNING * * *
The ice devil freezes you!
You die...

. ...... ##. ..... # #.# .#..
#. #.###..# ####.####+.....P#
....)...........#
..+.....#......#
#......####5#+# #.. .#.
##......## #4@.# #...# ..
.#........# ##4## #...####.####
.........## #.# #...#........
..........# ... #............
..........# .... #............
..........# ..... #............
........P## ..§.§##.....<......
.#.#....###########.....†......
..##....#.#########.....P+#...P


You could see 2 ice devils and a friendly white imp.

Vanquished Creatures
  A centaur warrior (D:8)
  2 two-headed ogres
  An unseen horror (D:9)
  A deep elf mage (D:9)
  A black mamba (Lair:1)
  2 spiny frogs (Lair:1)
  A troll (D:8)
  4 hippogriffs
  A spriggan (D:7)
  A wyvern (Lair:1)
  A basilisk (Lair:1)
  4 yaks (Lair:1)
  A steam dragon (D:9)
  Duvessa (D:3)
  3 water moccasins
  3 porcupines (Lair:1)
  2 ice beasts (D:9)
  2 black bears (D:8)
  4 sky beasts
  2 necrophages
  2 phantoms
  An eye of draining (D:8)
  3 orc warriors
  4 wolves (Lair:1)
  4 ogres
  2 centaurs
  3 crocodiles
  Blork the orc (D:6)
  5 bullfrogs
  4 scorpions
  Dowan (D:4)
  6 howler monkeys
  8 crimson imps
  A bullfrog zombie (D:5)
  4 orc priests (D:8)
  2 gnoll shamans
  7 jellies
  13 orc wizards
  Crazy Yiuf (D:5)
  8 hounds
  3 centaur skeletons
  Jessica (D:2)
  A bullfrog skeleton (D:7)
  4 iguanas
  Natasha (thrice) (D:2 D:4)
  5 worker ants
  A killer bee zombie (D:5)
  2 hound skeletons
  2 worker ant zombies
  Robin (D:3)
  11 adders
  7 gnolls
  2 shadow imps
  2 oozes
  5 adder zombies
  An adder skeleton (D:9)
  2 worms
  5 dart slugs
  4 leopard geckos
  28 orcs
  11 bats
  8 giant cockroaches
  15 goblins
  3 hobgoblins
  6 jackals
  5 quokkas
  A ball python (D:3)
  4 frilled lizards
  A giant cockroach zombie (D:5)
  4 kobolds
  A leopard gecko skeleton (D:8)
  3 rats
270 creatures vanquished.

Vanquished Creatures (collateral kills)
  A manticore (D:8)
  Grinder (D:3)
  A water moccasin (Lair:2)
  An orc warrior (D:9)
  A crimson imp (D:7)
  2 gnolls
7 creatures vanquished.

Vanquished Creatures (others)
  A human (D:3)
  3 fungi (Lair:1)
  A plant (Lair:1)
5 creatures vanquished.

Grand Total: 282 creatures vanquished

Notes
Turn   | Place    | Note
-------+----------+-------------------------------------------
     0 | D:1      | spiff the Ogre Wizard began the quest for the Orb.
     0 | D:1      | Reached XP level 1. HP: 16/16 MP: 5/5
    10 | D:1      | Reached skill level 1 in Conjurations
   217 | D:1      | Reached skill level 1 in Fighting
   217 | D:1      | Reached XP level 2. HP: 13/27 MP: 2/6
   371 | D:1      | Learned a level 2 spell: Call Imp
   374 | D:1      | Learned a level 2 spell: Blink
   680 | D:1      | Reached XP level 3. HP: 35/35 MP: 8/8
  1010 | D:2      | Learned a level 3 spell: Mephitic Cloud
  1021 | D:2      | Noticed Jessica
  1041 | D:2      | Reached skill level 2 in Fighting
  1160 | D:2      | Noticed Natasha
  1168 | D:2      | Killed Natasha
  1168 | D:2      | Reached XP level 4. HP: 41/44 MP: 6/10
  1221 | D:2      | Found a stormy altar of Qazlal.
  1482 | D:2      | Noticed Natasha
  1489 | D:2      | Killed Natasha
  1489 | D:2      | Reached skill level 3 in Fighting
  1797 | D:3      | Reached XP level 5. HP: 53/53 MP: 9/11
  1871 | D:3      | Noticed Robin
  2056 | D:3      | Found an ancient bone altar of Kikubaaqudgha.
  2066 | D:3      | Killed Robin
  2077 | D:3      | Noticed Grinder
  2077 | D:3      | Paralysed by Grinder for 3 turns
  2196 | D:3      | Killed Grinder
  2196 | D:3      | Reached skill level 4 in Fighting
  2196 | D:3      | Reached skill level 5 in Spellcasting
  2196 | D:3      | Reached XP level 6. HP: 46/63 MP: 4/14
  2283 | D:3      | Noticed a human
  2285 | D:3      | Killed a human
  2626 | D:3      | Found a faded altar of an unknown god.
  2847 | D:4      | Reached skill level 5 in Fighting
  2848 | D:4      | Noticed Duvessa
  2868 | D:4      | Reached XP level 7. HP: 60/72 MP: 11/15
  2989 | D:4      | Noticed Dowan
  2992 | D:4      | Reached skill level 6 in Fighting
  3020 | D:4      | Killed Dowan
  3052 | D:4      | Reached skill level 7 in Fighting
  3204 | D:3      | Learned a level 3 spell: Conjure Flame
  3367 | D:3      | Reached skill level 8 in Fighting
  3463 | D:3      | Reached XP level 8. HP: 61/89 MP: 12/16
  3493 | D:3      | Killed Duvessa
  3672 | D:4      | Reached skill level 9 in Fighting
  3941 | D:4      | Found a shimmering altar of Xom.
  4129 | D:4      | Noticed Natasha
  4133 | D:4      | Killed Natasha
  4170 | D:4      | Reached skill level 10 in Fighting
  4208 | D:5      | Entered Level 5 of the Dungeon
  4449 | D:5      | Reached skill level 11 in Fighting
  4821 | D:5      | Reached XP level 9. HP: 104/106 MP: 14/17
  4827 | D:5      | Reached skill level 12 in Fighting
  5070 | D:5      | Found an ancient bone altar of Kikubaaqudgha.
  5070 | D:5      | Found a shadowy altar of Dithmenos.
  5071 | D:5      | Found a glowing silver altar of Zin.
  5213 | D:5      | Found a runed door.
  5320 | D:5      | Noticed Crazy Yiuf
  5331 | D:5      | Killed Crazy Yiuf
  5447 | D:2      | Killed Jessica
  5620 | D:6      | Found a hazy altar of Hepliaklqana.
  5625 | D:6      | Noticed Blork the orc
  5648 | D:6      | Killed Blork the orc
  5887 | D:6      | Reached skill level 13 in Fighting
  6467 | D:6      | Found a shadowy altar of Dithmenos.
  7320 | D:7      | Reached skill level 14 in Fighting
  7464 | D:7      | Found a runed gate.
  7464 | D:7      | Found a runed gate.
  7464 | D:7      | Found a runed gate.
  7481 | D:7      | Found a staircase to the Ecumenical Temple.
  7490 | Temple   | Entered the Ecumenical Temple
  7504 | Temple   | Became a worshipper of Ashenzari the Shackled
  7660 | D:7      | Reached skill level 15 in Fighting
  7702 | D:7      | Found an iron altar of Okawaru.
  7966 | D:7      | Reached XP level 10. HP: 110/124 MP: 18/18
  8060 | D:7      | Noticed smtktc's ghost (novice SpAs)
  8254 | D:8      | Noticed a two-headed ogre
  8270 | D:8      | Killed a two-headed ogre
  8314 | D:8      | Reached skill level 16 in Fighting
  8608 | D:8      | Found a shadowy altar of Dithmenos.
  8623 | D:8      | Reached skill level 5 in Conjurations
  8681 | D:8      | Found an opulent altar of Gozag.
  8877 | D:8      | Found a staircase to the Lair.
  8981 | D:8      | Noticed a centaur warrior
  9013 | D:8      | Killed a centaur warrior
  9014 | D:8      | Noticed a manticore
  9118 | D:8      | Reached skill level 5 in Dodging
  9233 | D:8      | Found a bloodstained altar of Trog.
  9427 | D:8      | Reached * piety under Ashenzari
  9582 | D:8      | Killed a manticore
  9582 | D:8      | Reached XP level 11. HP: 61/135 MP: 14/19
  9729 | D:9      | Noticed a two-headed ogre
  9742 | D:9      | Killed a two-headed ogre
  9937 | D:9      | Noticed Harold
 10690 | D:9      | Noticed a deep elf mage
 10708 | D:9      | Killed a deep elf mage
 10901 | D:9      | Noticed a tengu warrior
 10901 | D:9      | Noticed an unseen horror
 10928 | D:9      | Killed an unseen horror
 11158 | Lair:1   | Entered Level 1 of the Lair of Beasts
 11618 | Lair:1   | Reached skill level 10 in Conjurations
 12426 | Lair:2   | Noticed a four-headed hydra
 12574 | Lair:2   | Found a frozen archway.
 12594 | Lair:2   | HP: 4/135 [ice devil (16)]
 12594 | Lair:2   | Slain by an ice devil

Skill      XL: |  1  2  3  4  5  6  7  8  9 10 11 |
---------------+----------------------------------+-----
Conjurations   | 1 2 3 4 6 10 | 10.0
Fighting       | 1 2 3 4 5 8 11 15 16 | 16.0
Spellcasting   | 4 5 6 |  6.6
Dodging        | 5 6 |  6.0
Stealth        | |  1.4
Summonings     | |  0.8
Translocations | |  0.8

Action                   |  1- 3 |  4- 6 |  7- 9 | 10-12 || total
-------------------------+-------+-------+-------+-------++-------
Melee: Dagger            |    25 |    81 |   471 |   514 ||  1091
       Unarmed           |     5 |       |     1 |       ||     6
       Giant spiked club |       |       |       |     2 ||     2
 Cast: Magic Dart        |    51 |    75 |   232 |   210 ||   568
       Call Imp          |     1 |     4 |     9 |    25 ||    39
       Mephitic Cloud    |       |     1 |     6 |     5 ||    12
       Conjure Flame     |       |       |     3 |    10 ||    13
Invok: Curse Item        |       |       |       |     1 ||     1
  Use: Scroll            |       |     4 |     8 |       ||    12
       Potion            |       |       |       |     1 ||     1
 Stab: Sleeping          |     2 |     1 |     1 |     1 ||     5
       Distracted        |       |       |       |     1 ||     1
       Confused          |       |       |       |     1 ||     1
  Eat: Chunk             |     1 |     5 |    10 |    16 ||    32
       Ration            |       |       |     2 |       ||     2
Armor: Robe              |    16 |    41 |   212 |   101 ||   370
       Troll leather arm |       |       |       |    57 ||    57
       Steam dragon scal |       |       |       |   108 ||   108
Dodge: Dodged            |    27 |    41 |   227 |   289 ||   584
